 Dungeon Crawl Stone Soup version 0.26-a0-18-g135ff06667 (webtiles) character file.

Game seed: 3784759063417838641, levelgen mode: deterministic

12464 Mrkan the Basher (level 11, -3/69 HPs)
             Began as a Gargoyle Berserker on May 25, 2020.
             Was a Priest of Trog.
             Slain by an orc warrior
             ... wielding a +2 flail of distortion
              (12 damage)
             ... on level 11 of the Dungeon.
             The game lasted 00:19:07 (12025 turns).

Mrkan the Basher (Gargoyle Berserker)              Turns: 12025, Time: 00:19:08

Health: -3/69      AC: 26    Str: 22    XL:     11   Next: 93%
Magic:  11/11      EV:  6    Int:  8    God:    Trog [***...]
Gold:   553        SH: 12    Dex: 11    Spells: 10/10 levels left

rFire    . . .     SeeInvis .   J - +2 morningstar (freeze)
rCold    . . .     Gourm    .   P - +0 kite shield
rNeg     + . .     Faith    .   x - +0 plate armour
rPois    ∞         Spirit   .   (no helmet)
rElec    +         Reflect  .   z - +0 cloak
rCorr    .         Harm     .   N - +0 pair of gloves
MR       .....                  M - +1 pair of boots
Stlth    ..........             A - amulet of regeneration
HPRegen  0.61/turn              u - ring of stealth
MPRegen  0.12/turn              (no ring)

@: no status effects
A: negative energy resistance 1, electricity resistance, unbreathing,
petrification resistance, rot immunity, AC +8
a: Berserk, Trog's Hand, Renounce Religion


You were on level 11 of the Dungeon.
You worshipped Trog.
Trog was most pleased with you.
You were not hungry.

You visited 1 branch of the dungeon, and saw 11 of its levels.

You collected 553 gold pieces.

Inventory:

Hand Weapons
 w - the +2 whip "Nuppeudgh" {freeze, rElec MP+9 Int+3}
   (You found it on level 4 of the Dungeon)

   It has been specially enchanted to freeze those struck by it, causing extra
   injury to most foes and up to half again as much damage against particularly
   susceptible opponents.
   It can also slow down cold-blooded creatures.
   It affects your intelligence (+3).
   It insulates you from electricity.
   It affects your magic capacity (+9).
 J - a +2 morningstar of freezing (weapon)
Missiles
 m - 26 poisoned darts (quivered)
 p - 5 datura-tipped darts
Armour
 x - a +0 plate armour (worn)
 y - a scarf of invisibility
 z - a +0 cloak (worn)
 M - a +1 pair of boots (worn)
 N - a +0 pair of gloves (worn)
 P - a +0 kite shield (worn)
Jewellery
 s - an uncursed ring of ice
 u - a ring of stealth (left hand)
 A - an amulet of regeneration (around neck)
 E - an uncursed amulet of faith
 K - an uncursed ring of magical power {unknown}
 Q - an uncursed amulet of the acrobat
Wands
 a - a wand of random effects (18)
 g - a wand of clouds (3)
 I - a wand of acid (7)
 O - a wand of flame (15)
Scrolls
 d - 2 scrolls of fear
 e - 7 scrolls of teleportation
 j - a scroll of enchant armour
 k - a scroll of identify
 l - 2 scrolls of blinking
 H - 2 scrolls of enchant weapon
Potions
 b - a potion of degeneration
 f - 6 potions of heal wounds
 h - 4 potions of might
 i - 2 potions of haste {unknown}
 n - 8 potions of curing
 o - 2 potions of stabbing
 q - 3 potions of lignification
 t - a potion of cancellation
 v - a potion of berserk rage {unknown}
 C - 2 potions of magic {unknown}
 F - a potion of ambrosia {unknown}
 L - a potion of resistance {unknown}
Comestibles
 c - 23 rations
 r - 20 chunks of flesh


   Skills:
 - Level 8.4 Fighting
 - Level 12.0 Maces & Flails
 - Level 8.0 Armour
 - Level 1.5 Dodging
 * Level 11.5 Shields


You had 10 spell levels left.
You didn't know any spells.
Your spell library was empty.

Dungeon Overview and Level Annotations

Branches:
Dungeon (11/15)            Temple (0/1) D:4            Lair (0/6) D:10
    Orc: D:9-12

Altars:
Dithmenos
Fedhas
Makhleb
Nemelex Xobeh
Qazlal
Sif Muna
Vehumet
Wu Jian
Zin

Shops:
D:6 %   D:7 }   D:10 =


Innate Abilities, Weirdness & Mutations

You are resistant to torment.
Your stone body is resilient. (AC +8)
You are immune to poison.
You resist negative energy. (rN+)
You are resistant to electric shocks. (rElec)
You can survive without breathing.
You are immune to petrification.
You are immune to rotting.


Message History

You puncture the orc warrior! You freeze the orc warrior.
You kill the orc warrior!
Trog accepts your kill.
You carefully extract the barbed spikes from your body.
The orc warrior hits you but does no damage.
Space bends around you.
You closely miss the orc warrior.
The orc warrior is lightly wounded.
The orc hits you but does no damage.
The orc warrior hits you with a +2 flail of distortion!
Space warps horribly around you!
* * * LOW HITPOINT WARNING * * *
You thump the orc warrior! You freeze the orc warrior.
The orc warrior is heavily wounded.
The orc hits you but does no damage.
You completely miss the orc. You block the orc warrior's attack.
Your plate armour prevents you from hitting the orc.
The orc warrior hits you but does no damage.
Space warps horribly around you!
You die...

#### #####
#..+.#.#[#.#
#..#....#...
#..#...#....
#..#8.÷.#..8 ###
#...###'#### # ##.##
#...........
#.#...####..###.##...
#....$...... ...##..#
#..o@o###...........#
+.##o## #.#.#..>....<
#.##.# #.#.#.####..#
#.##.# #.#... .....#
#.##.## ##.####.##
###.#######.....# #. #
.........)).....# #. #
.########.#####...####
. # .# #.##.........#.
. #


You could see an orc warrior and 2 orcs.

Vanquished Creatures
  A hydra (D:11)
  2 two-headed ogres
  An unseen horror (D:9)
  Pikel (D:8)
  A manticore (D:11)
  2 gargoyles
  A troll (D:11)
  2 hippogriffs
  Sigmund (D:5)
  11 yaks
  3 wyverns
  A hungry ghost (D:8)
  A water moccasin (D:10)
  Duvessa (D:4)
  A black bear (D:7)
  An ice beast (D:10)
  8 sky beasts
  6 orc warriors (D:11)
  4 phantoms
  An eye of draining (D:10)
  5 ogres
  6 centaurs
  6 crocodiles
  Blork the orc (D:5)
  2 big kobolds
  2 bullfrogs
  Dowan (D:4)
  7 wights
  3 crimson imps
  2 howler monkeys (D:10)
  4 lava snakes (D:9)
  A hound (D:10)
  A bullfrog skeleton (D:7)
  A bullfrog zombie (D:10)
  A centaur skeleton (D:5)
  7 orc priests
  2 jellies (D:8)
  Jessica (D:2)
  2 iguanas (D:10)
  5 orc wizards
  Natasha (D:2)
  10 worker ants
  6 gnolls
  A howler monkey skeleton (D:8)
  13 adders
  2 shadow imps
  2 oozes
  An adder zombie (D:4)
  2 adder skeletons
  A worm (D:4)
  4 dart slugs
  7 leopard geckos
  33 orcs
  2 giant cockroaches
  7 goblins
  5 hobgoblins
  9 jackals
  14 kobolds
  3 quokkas
  A ball python (D:2)
  13 bats
  6 frilled lizards
  2 leopard gecko zombies
  6 rats
261 creatures vanquished.

Vanquished Creatures (others)
  An ice beast (D:8)
  A swamp drake (D:10)
2 creatures vanquished.

Grand Total: 263 creatures vanquished

Notes
Turn   | Place    | Note
-------+----------+-------------------------------------------
     0 | D:1      | Mrkan the Gargoyle Berserker began the quest for the Orb.
     0 | D:1      | Reached XP level 1. HP: 14/14 MP: 1/1
   293 | D:1      | Reached XP level 2. HP: 18/19 MP: 2/2
  1157 | D:2      | Reached XP level 3. HP: 23/23 MP: 3/3
  1541 | D:2      | Reached ** piety under Trog
  1742 | D:2      | Reached skill level 4 in Maces & Flails
  1742 | D:2      | Reached XP level 4. HP: 25/29 MP: 4/4
  1943 | D:2      | Noticed Jessica
  1955 | D:2      | Killed Jessica
  2383 | D:2      | Reached XP level 5. HP: 16/33 MP: 5/5
  2710 | D:2      | Noticed Natasha
  2716 | D:2      | Killed Natasha
  2853 | D:2      | Found an ornate altar of the Wu Jian Council.
  3110 | D:3      | Reached skill level 5 in Maces & Flails
  3122 | D:3      | Reached XP level 6. HP: 6/39 MP: 6/6
  3981 | D:3      | Noticed an angel
  3982 | D:3      | Found a glowing silver altar of Zin.
  4441 | D:4      | Found a staircase to the Ecumenical Temple.
  4552 | D:4      | Noticed a sky beast
  4557 | D:4      | Reached skill level 5 in Fighting
  4557 | D:4      | Reached XP level 7. HP: 38/44 MP: 7/7
  4596 | D:4      | Reached skill level 6 in Maces & Flails
  4693 | D:4      | Found a sparkling altar of Nemelex Xobeh.
  4708 | D:4      | Noticed Duvessa
  4708 | D:4      | Noticed Dowan
  4717 | D:4      | Killed Duvessa
  4726 | D:4      | Killed Dowan
  4882 | D:4      | Reached *** piety under Trog
  4882 | D:4      | Reached skill level 5 in Armour
  4989 | D:4      | Found a burning altar of Makhleb.
  4999 | D:4      | Got a jewelled whip
  5003 | D:4      | Identified the +2 whip "Nuppeudgh" {freeze, rElec MP+9
                  | Int+3} (You found it on level 4 of the Dungeon)
  5177 | D:5      | Entered Level 5 of the Dungeon
  5280 | D:5      | Reached skill level 7 in Maces & Flails
  5280 | D:5      | Reached XP level 8. HP: 47/51 MP: 8/8
  5638 | D:5      | Found a shimmering blue altar of Sif Muna.
  5647 | D:5      | Noticed Blork the orc
  5663 | D:5      | Killed Blork the orc
  5693 | D:5      | Noticed Sigmund
  5704 | D:5      | Killed Sigmund
  6013 | D:6      | Found Wexiynef's Food Boutique.
  6083 | D:6      | Reached skill level 8 in Maces & Flails
  6188 | D:6      | Reached XP level 9. HP: 44/56 MP: 9/9
  6860 | D:7      | Reached skill level 9 in Maces & Flails
  6975 | D:7      | Reached **** piety under Trog
  7190 | D:7      | Found Votuck's Gadget Emporium.
  7578 | D:7      | Found a stormy altar of Qazlal.
  8035 | D:8      | Reached skill level 10 in Maces & Flails
  8127 | D:8      | Noticed Pikel
  8151 | D:8      | Killed Pikel
  8151 | D:8      | Reached XP level 10. HP: 60/65 MP: 10/10
  8382 | D:8      | Reached skill level 11 in Maces & Flails
  9166 | D:9      | Found a blossoming altar of Fedhas.
  9362 | D:9      | Found a radiant altar of Vehumet.
  9584 | D:9      | Noticed a gargoyle
  9614 | D:9      | Killed a gargoyle
  9614 | D:9      | Reached skill level 12 in Maces & Flails
  9614 | D:9      | Reached skill level 1 in Shields
  9885 | D:9      | Killed an unseen horror
 10459 | D:9      | Found a shadowy altar of Dithmenos.
 10521 | D:10     | Entered Level 10 of the Dungeon
 10521 | D:10     | Noticed a two-headed ogre
 10532 | D:9      | Reached skill level 5 in Shields
 10548 | D:9      | Killed a two-headed ogre
 10548 | D:9      | Reached XP level 11. HP: 49/69 MP: 11/11
 11250 | D:10     | Found a staircase to the Lair.
 11367 | D:10     | Found Weopil's Jewellery Shoppe.
 11785 | D:11     | Reached skill level 10 in Shields
 11838 | D:11     | Noticed a four-headed hydra
 11851 | D:11     | Killed a four-headed hydra
 11887 | D:11     | Noticed a two-headed ogre
 11916 | D:11     | Killed a two-headed ogre
 11978 | D:11     | Noticed a manticore
 12019 | D:11     | Killed a manticore
 12025 | D:11     | Slain by an orc warrior

Illustrated notes

Levels and vault maps discovered:
D:1:      lightli_arrival_farm, layout_loops_ring
D:2:      minmay_inner_zag, layout_loops_cross, general_overflow_altar,
          first_ration, minmay_quantized, uniq_natasha, uniq_jessica
D:3:      layout_loops_ring, zin_angel, kennysheep_pointless_box,
          minmay_misc_feat_hallway
D:4:      layout_loops_ring, bloody_makhleb, nemelex_xobeh_ov_fountains_minmay,
          minmay_temple_entry_butterflies, uniq_duvessa
D:5:      layout_rooms, led_sif_book, lemuel_flamethrower_1, uniq_blork_the_orc,
          uniq_sigmund
D:6:      layout_rooms, serial_shops, nicolae_shop_crystal
D:7:      layout_loops_ring, grunt_qazlal_clouds, serial_shops,
          nicolae_shop_behind_doors
D:8:      layout_cave_pods, uniq_pikel
D:9:      kennysheep_big_flooded_room, layout_irregular_city,
          nicolae_overflow_hidden_temple, kennysheep_mini, fedhas_altar_2
D:10:     layout_rooms, erik_lair_dragon, serial_shops, shop
D:11:     layout_loops_ring, david_orc_5, grunt_ogre_cave, minivault_1,
          grunt_tough_drop

Skill      XL: |  1  2  3  4  5  6  7  8  9 10 11 |
---------------+----------------------------------+-----
Maces & Flails | 4 5 7 8 10 12 | 12.0
Armour         | 3 4 5 6 8 |  8.0
Fighting       | 4 5 6 8 |  8.4
Shields        | 6 11 | 11.5
Dodging        | |  1.5

Action                   |  1- 3 |  4- 6 |  7- 9 | 10-12 || total
-------------------------+-------+-------+-------+-------++-------
Melee: Mace              |   117 |   197 |    77 |       ||   391
       Whip              |       |       |   353 |   131 ||   484
       Morningstar       |       |       |       |   434 ||   434
Invok: Berserk           |       |     3 |     3 |       ||     6
       Trog's Hand       |       |     1 |     1 |     2 ||     4
  Use: Scroll            |       |       |       |    19 ||    19
  Eat: Chunk             |     3 |    12 |    15 |    16 ||    46
       Ration            |       |       |       |     1 ||     1
Armor: Animal skin       |    26 |       |       |       ||    26
       Ring mail         |    27 |    66 |       |       ||    93
       Chain mail        |       |    28 |    68 |       ||    96
       Plate armour      |       |       |   224 |   294 ||   518
Dodge: Dodged            |   100 |    86 |   105 |    72 ||   363
Block: Kite shield       |       |       |       |   191 ||   191

Table legend:
 A = Non-vault XP
 B = Vault XP
 C = Vault XP percentage of total XP
 D = Non-vault monster count
 E = Vault monster count
 F = Vault count percentage of total count
                 A         B        C        D         E       F
            +---------+---------+-------+---------+---------+-------
      Total |   13968 |    3839 |  21.6 |     222 |      40 |  15.3
            +---------+---------+-------+---------+---------+-------
        D:1 |      31 |       0 |   0.0 |      17 |       0 |   0.0
        D:2 |      92 |     116 |  55.8 |      24 |      12 |  33.3
        D:3 |     222 |       0 |   0.0 |      26 |       0 |   0.0
        D:4 |     374 |     234 |  38.5 |      13 |       2 |  13.3
        D:5 |     551 |     331 |  37.5 |      19 |       2 |   9.5
        D:6 |     860 |       0 |   0.0 |      17 |       0 |   0.0
        D:7 |    1071 |       0 |   0.0 |      13 |       0 |   0.0
        D:8 |    2383 |     641 |  21.2 |      24 |       1 |   4.0
        D:9 |    1869 |    1156 |  38.2 |      20 |       2 |   9.1
       D:10 |    3487 |     593 |  14.5 |      33 |       5 |  13.2
       D:11 |    3028 |     768 |  20.2 |      16 |      16 |  50.0
            +---------+---------+-------+---------+---------+-------
